 Dungeon Crawl Stone Soup version 0.29-a0-284-gf9362112df (webtiles) character file.

Game seed: 6007805782614941837

759 avis the Fighter (level 7, 0/68 HPs)
             Began as a Hill Orc Monk on Mar 20, 2022.
             Slain by a jelly (3 damage)
             ... on level 5 of the Dungeon.
             The game lasted 00:28:31 (7126 turns).

avis the Fighter (Hill Orc Monk)                    Turns: 7126, Time: 00:28:33

Health: 0/68       AC:  0    Str: 14    XL:     7   Next: 80%
Magic:  7/7        EV:  9    Int: 17    God:
Gold:   146        SH:  0    Dex: 13    Spells: 6/6 levels left

rFire   . . .      SeeInvis .   a - staff of poison
rCold   . . .      Faith    .   (no shield)
rNeg    . . .      Spirit   .   q - +0 scale mail of Pantheism {Int+5}
rPois   +          Reflect  .   (no helmet)
rElec   .          Harm     .   (no cloak)
rCorr   .          Rampage  .   y - +0 pair of gloves
Will    .....                   v - +0 pair of boots
Stlth   ..........              (no amulet)
HPRegen 0.21/turn               (no ring)
MPRegen 0.10/turn               (no ring)

@: corroded
A: no striking features
a: no special abilities


You were on level 5 of the Dungeon.
You visited 1 branch of the dungeon, and saw 5 of its levels.

You collected 146 gold pieces.

Inventory:

Hand Weapons
 b - a +0 hunting sling
 c - a +4 morningstar
 g - a +0 spear
 r - a +0 spear
 s - a +0 spear
 w - a +2 dire flail of holy wrath
 A - a +0 spear
 F - a +0 halberd
 G - a +0 halberd
Missiles
 d - 135 stones
 o - 5 atropa-tipped darts (quivered)
 t - 5 boomerangs
 C - 2 throwing nets
 H - 10 poisoned darts
Armour
 q - the +0 scale mail of Pantheism (worn) {Int+5}
   (You found it on level 2 of the Dungeon)

   Int:       It affects your intelligence (+5).
 u - a +0 robe
 v - a +0 pair of boots (worn)
 x - a +0 chain mail
 y - a +0 pair of gloves (worn)
 B - a +0 leather armour
 K - a +0 chain mail
Magical Staves
 a - a staff of poison (weapon)
Scrolls
 e - a scroll of amnesia {unknown}
 f - 2 scrolls of teleportation {unknown}
 j - a scroll of enchant armour {unknown}
 k - a scroll of noise {unknown}
 l - 5 scrolls of identify {unknown}
 n - 4 scrolls of blinking {unknown}
 D - a scroll of fog {unknown}
 I - a scroll of silence {unknown}
 J - a scroll of holy word {unknown}
Potions
 h - a potion of curing {unknown}
 i - 2 potions of ambrosia
 m - 2 potions of haste {unknown}
 p - a potion of attraction {unknown}
 z - a potion of brilliance {unknown}
 E - a potion of invisibility {unknown}


   Skills:
 - Level 8.0 Fighting
 - Level 2.4 Dodging
 - Level 1.5 Stealth
 * Level 7.3 Unarmed Combat


You had 6 spell levels left.
You didn't know any spells.
Your spell library contained the following spells:

 Spells                   Type           Power      Damage    Failure   Level
 Summon Small Mammal      Summ           0%         N/A       71%         1
 Call Canine Familiar     Summ           0%         N/A       97%         3
 Confusing Touch          Hex            0%         N/A       97%         3
 Summon Guardian Golem    Hex/Summ       0%         N/A       97%         3
 Yara's Violent Unravell  Hex/Tmut       0%         3d3       100%        5
 Enfeeble                 Hex            0%         N/A       100%        7


Dungeon Overview and Level Annotations

Branches:
Dungeon (5/15)             Temple (0/1) D:5

Altars:
Fedhas

Shops:
D:5 *


Message History

The jelly hits you.
You are splashed with acid!
You hit the jelly but do no damage.
Your hands burn!
You punch the jelly, but do no damage.
The jelly is lightly wounded.
The jelly barely misses you.
You hit the jelly.
Your hands burn!
The jelly is moderately wounded.
The jelly closely misses you.
You hit the jelly but do no damage.
Your hands burn!
You punch the jelly.
The jelly is heavily wounded.
The jelly hits you but does no damage. The jelly hits you.
The acid corrodes you!
You are splashed with acid!
You hit the jelly but do no damage.
Your hands burn!
The jelly is moderately wounded.
The jelly closely misses you.
You hit the jelly but do no damage.
Your hands burn!
The jelly is moderately wounded.
The jelly hits you but does no damage.
You hit the jelly.
Your hands burn!
You punch the jelly.
The jelly is severely wounded.
The jelly hits you.
You are splashed with acid!
You hit the jelly.
Your hands burn!
The jelly is almost dead.
The jelly hits you but does no damage.
You hit the jelly but do no damage.
Your hands burn!
* * * LOW HITPOINT WARNING * * *
The jelly is almost dead.
The jelly closely misses you. The jelly barely misses you.
You hit the jelly but do no damage.
Your hands burn!
* * * LOW HITPOINT WARNING * * *
The jelly is almost dead.
The jelly hits you.
* * * LOW HITPOINT WARNING * * *
The acid corrodes you!
You are splashed with acid!
* * * LOW HITPOINT WARNING * * *
You hit the jelly but do no damage. The acid corrodes you!
Your hands burn!
* * * LOW HITPOINT WARNING * * *
The jelly is almost dead.
The jelly hits you.
You die...

##############.##.#
..................#
.
....###.######.##.#
.J . ##...##
####.#### ...
#.....# #..... ....
##...## ####.) .....
##.## ##.#
......####.# #.##
#....YJ@..# ##.#
#.#######+## ##)
##...## ####. #
##.....## ##.... ..#
##.......## ##..##.
#######...##
#.........####...##.
....<.......
+.........+...#.....
#######...##
#.........####...###
## #...<...# #......


You could see an ice beast and a jelly.

Vanquished Creatures
  Edmund (D:3)
  A water moccasin (D:5)
  An ogre (D:4)
  A scorpion (D:5)
  A hound (D:4)
  Natasha (thrice) (D:4)
  3 orc wizards (D:4)
  3 gnolls
  4 adders
  A white imp (D:5)
  An ufetubus (D:4)
  4 worms
  2 dart slugs
  14 orcs
  7 bats
  10 endoplasms
  6 giant cockroaches
  11 goblins
  11 hobgoblins
  6 jackals (D:4)
  2 quokkas (D:3)
  12 ball pythons
  4 frilled lizards
  12 kobolds
  9 rats
130 creatures vanquished.

Notes
Turn   | Place    | Note
-------+----------+-------------------------------------------
     0 | D:1      | avis the Hill Orc Monk began the quest for the Orb.
     0 | D:1      | Reached XP level 1. HP: 19/19 MP: 1/1
   528 | D:1      | Reached XP level 2. HP: 21/26 MP: 2/2
  1095 | D:1      | Reached skill level 4 in Fighting
  1501 | D:2      | Reached XP level 3. HP: 28/33 MP: 3/3
  2052 | D:2      | Reached skill level 5 in Unarmed Combat
  2097 | D:2      | Reached XP level 4. HP: 38/40 MP: 4/4
  2105 | D:2      | Identified the +0 scale mail of Pantheism {Int+5}
  2302 | D:2      | Found a faded altar of an unknown god.
  3401 | D:3      | Reached skill level 5 in Fighting
  3501 | D:3      | Found a blossoming altar of Fedhas.
  3531 | D:3      | Reached XP level 5. HP: 48/48 MP: 5/5
  4219 | D:4      | Reached skill level 6 in Fighting
  4498 | D:4      | Reached XP level 6. HP: 18/57 MP: 6/6
  4763 | D:4      | Noticed Edmund
  4871 | D:3      | Killed Edmund
  5442 | D:4      | Noticed Natasha
  5443 | D:4      | Reached XP level 7. HP: 8/64 MP: 7/7
  5729 | D:4      | Killed Natasha
  5825 | D:4      | Noticed Natasha
  5847 | D:4      | Killed Natasha
  5848 | D:4      | Reached skill level 7 in Fighting
  5877 | D:4      | Noticed Natasha
  5883 | D:4      | Killed Natasha
  6358 | D:5      | Entered Level 5 of the Dungeon
  6358 | D:5      | Found Seoscho's General Store.
  6496 | D:5      | Found a staircase to the Ecumenical Temple.
  6845 | D:5      | Reached skill level 8 in Fighting
  7125 | D:5      | HP: 3/68 [acid (9)]
  7126 | D:5      | Slain by a jelly

Illustrated notes

Levels and vault maps discovered:
D:1:      dpeg_arrival_houses_and_road, layout_basic
D:2:      layout_loops_ring, dreamdust_ecumenical_altar_statues,
          kennysheep_generic_room_16
D:3:      minmay_general_purpose_star, layout_basic, fedhas_altar_2
D:4:      layout_basic, hangedman_abyss_or_decor_passed, uniq_edmund,
          uniq_natasha
D:5:      layout_loops_corners, minmay_temple_entry_statues_pillars,
          nicolae_stop_n_shop_1, uniq_duvessa

Skill      XL: |  1  2  3  4  5  6  7 |
---------------+----------------------+-----
Unarmed Combat | 4 5 7 |  7.3
Fighting       | 4 5 6 8 |  8.0
Dodging        | |  2.4
Stealth        | |  1.5

Action                   |  1- 3 |  4- 6 |  7- 9 || total
-------------------------+-------+-------+-------++-------
Melee: Unarmed           |   115 |    53 |       ||   168
       Staff             |     7 |       |    39 ||    46
       Punch             |     1 |     4 |     6 ||    11
       Morningstar       |       |   126 |    22 ||   148
       Dire flail        |       |     1 |    29 ||    30
 Fire: Hunting sling     |    53 |    62 |    13 ||   128
Throw: Dart              |       |     3 |       ||     3
 Stab: Sleeping          |     5 |       |       ||     5
Armor: Robe              |    18 |       |       ||    18
       Scale mail        |       |    24 |     3 ||    27
       Chain mail        |       |   108 |    66 ||   174
Dodge: Dodged            |    67 |    84 |    40 ||   191

Table legend: (Time is in decaauts)
 A = Elapsed time spent in this place.
 B = Non-inter-level travel time spent in this place.
 C = Inter-level travel time spent in this place.
 D = Time resting spent in this place.
 E = Time spent auto-exploring this place.
 F = Levels seen in this place.
 G = Mean time per level.
                   A        B        C        D        E       F      G
               +--------+--------+--------+--------+--------+-----+--------+
         Total |   7274 |   6561 |    713 |   2690 |   2402 |   5 | 1454.8 |
       Dungeon |   7274 |   6561 |    713 |   2690 |   2402 |   5 | 1454.8 |
               +--------+--------+--------+--------+--------+-----+--------+

Top non-repeatable levels by time:
     D:3: 2403 daAuts
     D:1: 1688 daAuts
     D:2: 1304 daAuts
     D:4: 1245 daAuts
     D:5: 631 daAuts
